 Dungeon Crawl Stone Soup version 0.23-a0-417-gf02c810 (webtiles) character file.

8229 JeffiDaFish the Artisan of Death (level 11, -3/55 (56) HPs)
             Began as a Deep Elf Necromancer on Nov 11, 2018.
             Was a Priest of Kikubaaqudgha.
             Slain by Erica
             ... wielding a +4 scimitar of flaming
              (4 damage)
             ... while paralysed by Erica
             ... on level 10 of the Dungeon.
             The game lasted 00:42:00 (11450 turns).

JeffiDaFish the Artisan of Death (DENe)            Turns: 11450, Time: 00:42:01

HP:   -3/55 (56)    AC:  8    Str:  6    XL:     11   Next: 7%
MP:   4/27          EV:  2    Int: 23    God:    Kikubaaqudgha [***...]
Gold: 490           SH:  0    Dex: 15    Spells: 4/30 levels left

rFire    . . .     SeeInvis +   r - +4 short sword (drain)
rCold    . . .     Gourm    .   (no shield)
rNeg     . . .     Faith    .   a - +1 robe
rPois    .         Spirit   .   y - +1 helmet {SInv}
rElec    .         Reflect  .   h - scarf {repulsion}
rCorr    .         Harm     .   (no gloves)
MR       +....                  f - +2 pair of boots
Stlth    ++++......             o - amulet of magic regeneration
HPRegen  0.18/turn              d - ring of stealth
MPRegen  0.45/turn              e - ring of wizardry

@: paralysed, repel missiles
A: no striking features
a: Receive Corpses, Renounce Religion


You were on level 10 of the Dungeon.
You worshipped Kikubaaqudgha.
Kikubaaqudgha was most pleased with you.
You were hungry.

You visited 2 branches of the dungeon, and saw 11 of its levels.

You collected 639 gold pieces.
You spent 149 gold pieces at shops.

Inventory:

Hand Weapons
 r - a +4 short sword of draining (weapon)
Armour
 a - a +1 robe (worn)
 f - a +2 pair of boots (worn)
 g - a +1 cloak of poison resistance
 h - a scarf of repulsion (worn)
 y - a +1 helmet of see invisible (worn)
Jewellery
 d - a ring of stealth (left hand)
 e - a ring of wizardry (right hand)
 n - an uncursed ring of stealth
 o - an amulet of magic regeneration (around neck)
Wands
 q - a wand of polymorph (11)
 x - a wand of iceblast (10)
 A - a wand of digging (3)
 B - a wand of clouds (5)
Scrolls
 j - 5 scrolls of amnesia
 k - 5 scrolls of teleportation
 l - 5 scrolls of remove curse
 p - 4 scrolls of identify
 s - 2 scrolls of brand weapon
 w - a scroll of blinking
Potions
 b - 3 potions of heal wounds
 i - a potion of agility
 m - 3 potions of curing
 t - 4 potions of flight
 u - a potion of brilliance
 v - a potion of ambrosia
 z - a potion of degeneration {unknown}
Comestibles
 c - 20 rations


   Skills:
 + Level 1.0 Fighting
 + Level 4.9 Short Blades
 + Level 7.1 Dodging
 - Level 4.0 Stealth
 * Level 10.1 Spellcasting
 + Level 6.3 Conjurations
 + Level 7.3 Hexes
 * Level 12.9 Necromancy


You had 4 spell levels left.
You knew the following spells:

 Your Spells              Type           Power        Failure   Level  Hunger
a - Pain                  Necr           ####         1%          1    None
b - Vampiric Draining     Necr           ######....   1%          3    None
c - Regeneration          Chrm/Necr      #####.....   1%          3    None
d - Confuse               Hex            #####...     1%          3    None
e - Excruciating Wounds   Chrm/Necr      #####.....   4%          5    ####...
f - Bolt of Draining      Conj/Necr      ######....   1%          5    ####...
g - Death Channel         Necr           ######....   1%          6    ######.

Your spell library contained the following spells:

 Spells                   Type           Power        Failure   Level  Hunger
 Animate Skeleton         Necr           N/A          1%          1    None
 Confusing Touch          Hex            #####.       1%          1    None
 Magic Dart               Conj           ####         1%          1    None
 Slow                     Hex            #####...     1%          2    None
 Sublimation of Blood     Necr           ######....   1%          2    None
 Throw Frost              Conj/Ice       ####..       1%          2    None
 Conjure Flame            Conj/Fire      ####....     1%          3    None
 Animate Dead             Necr           N/A          1%          4    #......
 Freeze                   Ice            ##..         2%          1    None
 Mephitic Cloud           Conj/Pois/Air  ###.....     2%          3    None
 Blink                    Tloc           N/A          3%          2    None
 Call Imp                 Summ           ##......     3%          2    None
 Throw Icicle             Conj/Ice       ####....     6%          4    #......
 Gell's Gravitas          Tloc           ##........   7%          3    None
 Ozocubu's Armour         Chrm/Ice       ##......     7%          3    None
 Petrify                  Tmut/Erth      ##......     22%         4    #......
 Summon Ice Beast         Ice/Summ       ##......     22%         4    #......
 Dispel Undead            Necr           ######..     1%          5    ####...
 Metabolic Englaciation   Hex/Ice        ####......   14%         5    ####...
 Yara's Violent Unravell  Hex/Tmut       ####......   14%         5    ####...


Dungeon Overview and Level Annotations

Branches:
Dungeon (10/15)            Temple (1/1) D:7             Orc (0/2) D:10
   Lair: D:8-11

Altars:
Ashenzari
Cheibriados
Dithmenos
Elyvilon
Fedhas
Gozag
Hepliaklqana
Kikubaaqudgha
Makhleb
Nemelex Xobeh
Okawaru
Qazlal
Ru
Sif Muna
Trog
Uskayaw
Vehumet
Wu Jian
Xom
Yredelemnul
Zin
The Shining One

Shops:
D:5 [   D:10 [

Annotations:
D:10 Erica


Message History

Erica zaps a wand.
You resist with almost no effort.
You hit Erica. You drain Erica!
Erica is heavily wounded.
Erica zaps a wand.
You suddenly lose the ability to move!
Erica hits you with a +4 scimitar of flaming!
Erica burns you.
* * * LOW HITPOINT WARNING * * *
Erica hits you with a +4 scimitar of flaming!
* * * LOW HITPOINT WARNING * * *
Erica burns you.
* * * LOW HITPOINT WARNING * * *
Erica hits you with a +4 scimitar of flaming.
* * * LOW HITPOINT WARNING * * *
Erica burns you.
* * * LOW HITPOINT WARNING * * *
Erica gestures wildly while chanting.
Erica flickers and vanishes for a moment.
Erica hits you with a +4 scimitar of flaming.
You die...
Kikubaaqudgha rasps: "You have failed me!
Welcome... death!"

#.....).....#
#........#..#
#........#..#
#........#..#
##........#..####
#...............# #
#.####...###.##.# .#
#............##.# .p.
######.).@@.....# ....
#....#.########## .....
#.##.#|..########...###
#.#........))@......#(#
#.#..###.#########..###
#.#..# #.# ... #.#..#
#.# . #.#..# #.#
#.######.#


You could see Erica (invisible).

Vanquished Creatures
  Urug (D:10)
  A wizard (D:10)
  Pikel (D:6)
  An orc knight (D:10)
  Maurice (D:9)
  Joseph (D:8)
  Psyche (D:8)
  A wyvern (D:8)
  5 yaks
  2 hungry ghosts
  A sky beast (D:9)
  An ice beast (D:9)
  2 phantoms
  2 necrophages
  8 ogres
  7 orc warriors
  2 centaurs
  A crocodile (D:9)
  A big kobold (D:8)
  4 bullfrogs
  A gnoll sergeant (D:8)
  2 scorpions
  3 killer bees (D:10)
  3 howler monkeys (D:8)
  5 wights (D:8)
  2 crimson imps
  A bullfrog zombie (D:9)
  5 hounds
  2 jellies
  4 orc priests
  Crazy Yiuf (D:6)
  2 orc wizards
  A centaur skeleton (D:6)
  2 bullfrog skeletons
  4 iguanas
  7 worker ants
  A killer bee zombie (D:8)
  A hound skeleton (D:6)
  17 gnolls
  12 adders
  A shadow imp (D:9)
  A white imp (D:8)
  An adder skeleton (D:4)
  2 worms (D:2)
  2 dart slugs
  2 leopard geckos
  37 orcs
  9 giant cockroaches
  2 gnoll zombies (D:2)
  6 goblins
  9 hobgoblins
  2 jackals (D:8)
  14 kobolds
  2 quokkas
  A ball python (D:5)
  7 bats
  7 frilled lizards
  A goblin skeleton (D:8)
  A goblin zombie (D:8)
  4 hobgoblin zombies (D:8)
  A jackal skeleton (D:4)
  A kobold skeleton (D:8)
  2 kobold zombies (D:8)
  2 leopard gecko skeletons
  An orc skeleton (D:8)
  A quokka skeleton (D:4)
  8 rats
247 creatures vanquished.

Vanquished Creatures (others)
  A slave (D:6)
  An orc priest (D:6)
  A plant (D:7)
3 creatures vanquished.

Grand Total: 250 creatures vanquished

Notes
Turn   | Place    | Note
-------+----------+-------------------------------------------
     0 | D:1      | JeffiDaFish the Deep Elf Necromancer began the quest for
                  | the Orb.
     0 | D:1      | Reached XP level 1. HP: 10/10 MP: 6/6
    50 | D:1      | Reached skill level 5 in Necromancy
   322 | D:1      | Reached XP level 2. HP: 9/15 MP: 4/8
   962 | D:2      | Reached XP level 3. HP: 15/19 MP: 3/9
   976 | D:2      | Learned a level 3 spell: Vampiric Draining
  1229 | D:2      | Found a sparkling altar of Nemelex Xobeh.
  1553 | D:2      | Reached skill level 6 in Necromancy
  1553 | D:2      | Reached XP level 4. HP: 7/24 MP: 0/11
  2503 | D:2      | Learned a level 3 spell: Regeneration
  2506 | D:2      | Found a basalt altar of Yredelemnul.
  2796 | D:3      | Reached XP level 5. HP: 26/28 MP: 6/13
  2819 | D:3      | Found a stormy altar of Qazlal.
  3064 | D:3      | Learned a level 3 spell: Confuse
  3432 | D:4      | Noticed an ogre
  3444 | D:4      | Killed an ogre
  3444 | D:4      | Reached skill level 1 in Short Blades
  3444 | D:4      | Reached skill level 1 in Hexes
  3444 | D:4      | Reached XP level 6. HP: 18/32 MP: 6/14
  3612 | D:4      | Reached skill level 7 in Necromancy
  4206 | D:4      | Found a sacrificial altar of Ru.
  4266 | D:4      | Found a blossoming altar of Fedhas.
  4309 | D:4      | Reached skill level 5 in Spellcasting
  4572 | D:4      | Reached XP level 7. HP: 34/36 MP: 13/16
  4713 | D:5      | Entered Level 5 of the Dungeon
  4972 | D:5      | Found a sacrificial altar of Ru.
  5777 | D:5      | Found Cupari's Armour Emporium.
  5965 | D:6      | Found an iron altar of Okawaru.
  5973 | D:6      | Learned a level 3 spell: Mephitic Cloud
  6031 | D:6      | Reached skill level 8 in Necromancy
  6124 | D:6      | Noticed Pikel
  6146 | D:6      | Killed Pikel
  6146 | D:6      | Reached skill level 1 in Conjurations
  6146 | D:6      | Reached skill level 5 in Hexes
  6146 | D:6      | Reached XP level 8. HP: 29/41 MP: 9/19
  6241 | D:6      | Found an ornate altar of the Wu Jian Council.
  6271 | D:6      | Found an opulent altar of Gozag.
  6310 | D:6      | Reached skill level 5 in Dodging
  6704 | D:6      | Reached skill level 9 in Necromancy
  7083 | D:6      | Found a runed door.
  7087 | D:6      | Noticed Crazy Yiuf
  7092 | D:6      | Killed Crazy Yiuf
  7320 | D:7      | Found a staircase to the Ecumenical Temple.
  7340 | Temple   | Entered the Ecumenical Temple
  7421 | D:7      | Found an ancient bone altar of Kikubaaqudgha.
  7421 | D:7      | Found a bloodstained altar of Trog.
  7421 | D:7      | Found a shimmering altar of Xom.
  7427 | D:7      | Became a worshipper of Kikubaaqudgha
  7456 | D:7      | Reached XP level 9. HP: 40/45 MP: 6/20
  8189 | D:8      | Found a glowing golden altar of the Shining One.
  8221 | D:8      | Reached * piety under Kikubaaqudgha
  8221 | D:8      | Identified Kikubaaqudgha's Collected Works on Necromancy
                  | (Kikubaaqudgha gifted it to you on level 8 of the Dungeon)
  8221 | D:8      | Received a gift from Kikubaaqudgha
  8427 | D:8      | Noticed Psyche
  8447 | D:8      | Killed Psyche
  8447 | D:8      | Reached skill level 10 in Necromancy
  8610 | D:8      | Reached ** piety under Kikubaaqudgha
  9103 | D:8      | Noticed Joseph
  9115 | D:8      | Killed Joseph
  9115 | D:8      | Reached skill level 11 in Necromancy
  9277 | D:8      | Reached XP level 10. HP: 39/50 MP: 20/24
  9511 | D:8      | Reached skill level 5 in Conjurations
 10078 | D:9      | Reached skill level 12 in Necromancy
 10218 | D:9      | Reached *** piety under Kikubaaqudgha
 10218 | D:9      | Identified Kikubaaqudgha's Guide on Unholy Arts
                  | (Kikubaaqudgha gifted it to you on level 9 of the Dungeon)
 10218 | D:9      | Received a gift from Kikubaaqudgha
 10226 | D:9      | Learned a level 5 spell: Bolt of Draining
 10266 | D:9      | Noticed Maurice
 10312 | D:9      | Killed Maurice
 10473 | D:9      | Learned a level 6 spell: Death Channel
 10481 | D:9      | Learned a level 5 spell: Excruciating Wounds
 10859 | D:10     | Entered Level 10 of the Dungeon
 10885 | D:10     | Found Gyipibla's Armour Boutique.
 10887 | D:10     | Found a staircase to the Orcish Mines.
 10968 | D:10     | Bought a +0 helmet of see invisible for 149 gold pieces
 11326 | D:10     | Noticed an orc knight
 11329 | D:10     | Noticed a glowing great sword
 11331 | D:10     | Noticed a wizard
 11351 | D:10     | Killed a wizard
 11401 | D:10     | Noticed Urug
 11419 | D:10     | Killed Urug
 11419 | D:10     | Reached skill level 10 in Spellcasting
 11419 | D:10     | Reached XP level 11. HP: 54/54 MP: 10/27
 11420 | D:10     | Killed an orc knight
 11420 | D:10     | Reached skill level 1 in Fighting
 11423 | D:10     | Noticed Erica
 11444 | D:10     | Paralysed by Erica for 6 turns
 11448 | D:10     | HP: 2/55 [Erica/+4 scimitar of flaming (1)]
 11450 | D:10     | Slain by Erica

Vault maps used:
D:1:      minmay_arrival_open_corners
D:2:      lemuel_zombie_altar_yredelemnul, nemelex_xobeh_ov_fountains_minmay,
          first_ration, minmay_randomly_rotated_circles
D:3:      lemuel_round_altar, serial_forest, infiniplex_forest_corner_1,
          infiniplex_forest_clump_curved, infiniplex_forest_clump_long,
          infiniplex_forest_clump_tiny
D:4:      old_standard_altar, fedhas_altar_fruit_tree, minmay_crystal_water
D:5:      serial_shops, kennysheep_mini_moat, nicolae_ru_awakened_eye
D:6:      okawaru_trees_2, lemuel_round_altar, nicolae_overflow_hidden_temple,
          uniq_pikel, uniq_crazy_yiuf_cottage
D:7:      gammafunk_temple_overflow_forgotten, temple_statues
D:8:      nicolae_tso_besieged_by_evil, uniq_joseph, uniq_psyche
D:9:      uniq_maurice
D:10:     orc_david_3, grunt_ogre_cave, sword_in_stone
Temple:   compressed_dpeg_circular_temple

Skill      XL: |  1  2  3  4  5  6  7  8  9 10 11 |
---------------+----------------------------------+-----
Necromancy     | 5 6 7 8 9 11 12 | 12.9
Stealth        | 3 4 |  4.0
Spellcasting   | 4 5 6 8 10 | 10.1
Short Blades   | 1 3 4 |  4.9
Dodging        | 3 4 5 6 7 |  7.1
Hexes          | 1 3 5 6 7 |  7.3
Conjurations   | 1 2 4 6 |  6.3
Fighting       | 1 |  1.0

Action                   |  1- 3 |  4- 6 |  7- 9 | 10-12 || total
-------------------------+-------+-------+-------+-------++-------
Melee: Short sword       |    25 |    78 |   217 |   166 ||   486
 Cast: Pain              |    46 |    72 |   119 |    58 ||   295
       Vampiric Draining |       |    15 |    53 |    35 ||   103
       Regeneration      |       |     1 |     3 |       ||     4
       Confuse           |       |     1 |    48 |    33 ||    82
       Mephitic Cloud    |       |       |     1 |     3 ||     4
       Bolt of Draining  |       |       |       |    17 ||    17
  Use: Scroll            |     7 |     4 |     5 |     8 ||    24
       Potion            |     2 |     5 |     2 |     1 ||    10
 Stab: Sleeping          |     7 |    12 |    15 |     9 ||    43
       Confused          |       |     1 |    29 |    15 ||    45
       Distracted        |       |     1 |     1 |       ||     2
  Eat: Chunk             |     2 |    10 |    16 |    10 ||    38
Armor: Robe              |    11 |    34 |    42 |    21 ||   108
Dodge: Dodged            |    24 |    67 |   162 |   122 ||   375
       Deflected         |       |     5 |     8 |     1 ||    14

Table legend:
 A = Non-vault XP
 B = Vault XP
 C = Vault XP percentage of total XP
 D = Non-vault monster count
 E = Vault monster count
 F = Vault count percentage of total count
                 A         B        C        D         E       F
            +---------+---------+-------+---------+---------+-------
      Total |    7250 |    4507 |  38.3 |     211 |      36 |  14.6
            +---------+---------+-------+---------+---------+-------
        D:1 |      25 |       0 |   0.0 |      18 |       0 |   0.0
        D:2 |     110 |      33 |  23.1 |      23 |       8 |  25.8
        D:3 |     107 |       0 |   0.0 |      19 |       0 |   0.0
        D:4 |     504 |       0 |   0.0 |      24 |       0 |   0.0
        D:5 |     268 |       0 |   0.0 |      15 |       0 |   0.0
        D:6 |     754 |     679 |  47.4 |      16 |       2 |  11.1
        D:7 |     825 |       0 |   0.0 |      15 |       0 |   0.0
        D:8 |    2317 |     929 |  28.6 |      44 |      13 |  22.8
        D:9 |    1804 |     508 |  22.0 |      28 |       1 |   3.4
       D:10 |     536 |    2358 |  81.5 |       9 |      12 |  57.1
            +---------+---------+-------+---------+---------+-------
